 Dungeon Crawl Stone Soup version 0.28.0-53-g5a82cb258f (webtiles) character file.

Game seed: 13562180193083997167

532 SanguineChosen the Cudgeller (level 7, -4/44 HPs)
             Began as a Gargoyle Fighter on July 18, 2022.
             Slain by a mummy (11 damage)
             ... in an ossuary.
             The game lasted 00:10:13 (4462 turns).

SanguineChosen the Cudgeller (Gargoyle Fighter)     Turns: 4462, Time: 00:10:13

Health: -4/44      AC: 15    Str: 21    XL:     7   Next: 24%
Magic:  7/7        EV:  9    Int:  9    God:
Gold:   197        SH:  4    Dex:  9    Spells: 6/6 levels left

rFire   . . .      SeeInvis .   a - +0 flail
rCold   . . .      Faith    .   c - +0 buckler
rNeg    + . .      Spirit   .   b - +0 scale mail
rPois   ∞          Reflect  .   m - +0 helmet
rElec   +          Harm     .   g - +1 cloak
rCorr   .          Rampage  .   (no gloves)
Will    .....                   (no boots)
Stlth   ..........              (no amulet)
HPRegen 0.14/turn               (no ring)
MPRegen 0.10/turn               (no ring)

@: no status effects
A: sickness immunity, AC +4, negative energy resistance 1, electricity
resistance, torment resistance 1, petrification resistance
a: no special abilities


You were in an ossuary.
You visited 1 branch of the dungeon, and saw 4 of its levels.
You also visited: Ossuary.

You collected 197 gold pieces.

Inventory:

Hand Weapons
 a - a +0 flail (weapon)
 k - a +0 halberd of venom
Armour
 b - a +0 scale mail (worn)
 c - a +0 buckler (worn)
 g - a +1 cloak (worn)
 m - a +0 helmet (worn)
 p - a +0 helmet
Wands
 o - a wand of digging (5)
Scrolls
 f - a scroll of fog {unknown}
 h - a scroll of teleportation
 l - 3 scrolls of fear
 q - a scroll of enchant armour {unknown}
Potions
 d - a potion of might
 e - 2 potions of berserk rage {unknown}
 i - a potion of resistance
 j - a potion of lignification {unknown}
 n - 3 potions of curing {unknown}
 r - 2 potions of ambrosia {unknown}


   Skills:
 + Level 4.9 Fighting
 + Level 5.2 Maces & Flails
 + Level 4.8 Armour
 + Level 1.4 Dodging
 + Level 0.4 Stealth
 + Level 4.0 Shields


You had 6 spell levels left.
You didn't know any spells.
Your spell library contained the following spells:

 Spells                   Type           Power      Damage    Failure   Level
 Ignite Poison            Fire/Tmut/Pois 0%         N/A       99%         3
 Mephitic Cloud           Conj/Pois/Air  0%         N/A       99%         3
 Freezing Cloud           Conj/Ice/Air   0%         6-21      100%        5


Dungeon Overview and Level Annotations

Branches:
Dungeon (4/15)            Ossuary (1/1)
 Temple: D:4-7

Altars:
Dithmenos
Kikubaaqudgha
Ru
Wu Jian

Shops:
D:3 *


Innate Abilities, Weirdness & Mutations

You are immune to sickness and miasma.
Your stone body is resilient. (AC +4)
You are immune to poison.
You resist negative energy. (rN+)
You are resistant to electric shocks. (rElec)
You are resistant to unholy torment.
You are immune to petrification.


Message History

The mummy is moderately damaged.
The mummy closely misses you. The mummy barely misses you.
You hit the mummy.
The mummy is heavily damaged.
The mummy hits you but does no damage.
You hit the mummy but do no damage.
The mummy is heavily damaged.
The mummy hits you! The mummy hits you but does no damage.
You sock the mummy!
You destroy the mummy!
The mummy barely misses you.
Your Shields skill increases to level 4!
You sock the mummy!
The mummy is heavily damaged.
The mummy hits you. The mummy hits you!
* * * LOW HITPOINT WARNING * * *
You are too injured to fight recklessly!
You are too injured to fight recklessly!
You are too injured to fight recklessly!
You are too injured to fight recklessly!
You are too injured to fight recklessly!
You barely miss the mummy.
The mummy is heavily damaged.
You block the mummy's attack. The mummy closely misses you.
You hit the mummy.
The mummy is heavily damaged.
You hit the mummy but do no damage.
The mummy is heavily damaged.
The mummy hits you!
* * * LOW HITPOINT WARNING * * *
The mummy hits you but does no damage.
You thump the mummy!
The mummy is almost destroyed.
The mummy barely misses you. The mummy hits you but does no damage.
You hit the mummy.
You destroy the mummy!
You hit the mummy.
The mummy is moderately damaged.
The mummy hits you!
You die...

...............
............
#........#
#......#
##....## #....#
#....# #.M..#
#@...# #....#
#....# #....#
#.∩∩.# ######


You could see a mummy.

Vanquished Creatures
  An ogre (D:4)
  A scorpion (D:2)
  A hound (D:4)
  A jelly (D:3)
  Ijyb (D:4)
  An iguana (D:4)
  4 mummies (Ossuary)
  A hound skeleton (D:4)
  Robin (D:2)
  7 gnolls (D:2)
  3 adders
  2 worms
  A dart slug (D:4)
  6 orcs
  4 ball pythons
  6 bats
  11 endoplasms
  5 giant cockroaches
  A gnoll zombie (Ossuary)
  16 goblins
  7 hobgoblins
  8 jackals
  2 kobolds (D:2)
  4 quokkas
  3 frilled lizards
  3 hobgoblin zombies (Ossuary)
  2 kobold zombies (Ossuary)
  2 orc zombies (Ossuary)
  A rat (D:3)
106 creatures vanquished.

Notes
Turn   | Place    | Note
-------+----------+-------------------------------------------
     0 | D:1      | SanguineChosen the Gargoyle Fighter began the quest for the
                  | Orb.
     0 | D:1      | Reached XP level 1. HP: 14/14 MP: 1/1
   135 | D:1      | Reached XP level 2. HP: 13/19 MP: 2/2
  1294 | D:2      | Reached XP level 3. HP: 23/23 MP: 3/3
  1726 | D:2      | Reached XP level 4. HP: 6/29 MP: 4/4
  1757 | D:2      | Reached skill level 3 in Maces & Flails
  2159 | D:2      | Reached XP level 5. HP: 16/33 MP: 5/5
  2716 | D:3      | Noticed Robin
  2724 | D:2      | Killed Robin
  2725 | D:2      | Reached skill level 4 in Maces & Flails
  2791 | D:3      | Found Xiomaur's Assorted Antiques.
  3052 | D:3      | Reached XP level 6. HP: 27/39 MP: 6/6
  3141 | D:3      | Reached skill level 1 in Dodging
  3335 | D:3      | Found a faded altar of an unknown god.
  3592 | D:3      | Found an ornate altar of the Wu Jian Council.
  3647 | D:3      | Found a shadowy altar of Dithmenos.
  3647 | D:3      | Found a sacrificial altar of Ru.
  3649 | D:3      | Found an ancient bone altar of Kikubaaqudgha.
  4186 | D:4      | Noticed Ijyb
  4203 | D:4      | Killed Ijyb
  4204 | D:4      | Reached XP level 7. HP: 40/44 MP: 7/7
  4207 | D:4      | Reached skill level 5 in Maces & Flails
  4262 | D:4      | Found a sand-covered staircase.
  4290 | Ossuary  | Entered an ossuary
  4462 | Ossuary  | Slain by a mummy

Illustrated notes

Levels and vault maps discovered:
D:1:      minmay_arrival_checkered_box, layout_basic
D:2:      layout_loops_ring
D:3:      layout_rooms, minitemple, serial_shops,
          nicolae_shop_temple_entry_statues_fountains,
          shapermc_ecumenical_altar_notcrosses, kennysheep_generic_room_12,
          uniq_robin
D:4:      layout_cave_pools, nicolae_ossuary_entry_ruins, minivault_27,
          uniq_blork_the_orc, uniq_ijyb
Ossuary:  ossuary_tomb_3

Skill      XL: |  1  2  3  4  5  6  7 |
---------------+----------------------+-----
Armour         | 4 |  4.8
Maces & Flails | 3 4 5 |  5.2
Fighting       | 4 |  4.9
Dodging        | 1 |  1.4
Shields        | 4 |  4.0
Stealth        | |  0.4

Action                   |  1- 3 |  4- 6 |  7- 9 || total
-------------------------+-------+-------+-------++-------
Melee: Flail             |   121 |   242 |    70 ||   433
  Use: Scroll            |     4 |     2 |       ||     6
Armor: Scale mail        |    90 |   178 |    68 ||   336
Dodge: Dodged            |    69 |   138 |    51 ||   258
Block: Buckler           |    31 |    69 |    33 ||   133
